 Dungeon Crawl Stone Soup version 0.26.1-2-gb8aa6d0cf2 (webtiles) character file.

Game seed: 14292404298851967674

1212 eccles the Cleaver (level 8, -6/70 HPs)
             Began as a Minotaur Berserker on Mar 30, 2021.
             Was an Elder of Trog.
             Mangled by an orc warrior
             ... wielding a +0 glaive
              (22 damage)
             ... on level 6 of the Dungeon.
             The game lasted 00:25:22 (3446 turns).

eccles the Cleaver (Minotaur Berserker)             Turns: 3446, Time: 00:25:23

Health: -6/70      AC:  9    Str: 24    XL:     8   Next: 22%
Magic:  7/7        EV: 12    Int:  4    God:    Trog [****..]
Gold:   94         SH:  0    Dex: 14    Spells: 7/7 levels left

rFire    . . .     SeeInvis .   y - +0 war axe
rCold    . . .     Faith    .   (no shield)
rNeg     + . .     Spirit   .   z - +0 scale mail
rPois    .         Reflect  .   (helmet restricted)
rElec    .         Harm     .   J - +0 cloak of Misanthropy {rN+ Dex+4} (curse)
rCorr    .         Rampage  .   (no gloves)
Will     .....                  H - +0 pair of boots
Stlth    ..........             (no amulet)
HPRegen  0.21/turn              (no ring)
MPRegen  0.10/turn              (no ring)

@: no status effects
A: retaliatory headbutt, horns 2
a: Renounce Religion, Berserk, Trog's Hand, Brothers in Arms


You were on level 6 of the Dungeon.
You worshipped Trog.
Trog was greatly pleased with you.
You visited 1 branch of the dungeon, and saw 6 of its levels.

You collected 360 gold pieces.
You spent 266 gold pieces at shops.

Inventory:

Hand Weapons
 a - a +0 hand axe
 g - a +0 hunting sling
 y - a +0 war axe (weapon)
 E - a cursed +0 mace
 I - a +0 shortbow
Missiles
 j - 42 sling bullets
 k - 65 arrows
 n - 219 stones
 p - 52 poisoned darts
 s - 59 bolts
 w - 6 atropa-tipped darts
 x - 4 silver boomerangs
Armour
 b - a +0 animal skin
 i - a +0 buckler
 z - a +0 scale mail (worn)
 F - the +1 cloak "Gayrgh" {rC+}
   (You bought it in a shop on level 4 of the Dungeon)

   It protects you from cold.
 H - a +0 pair of boots (worn)
 J - the cursed +0 cloak of Misanthropy (worn) {rN+ Dex+4}
   (You found it on level 5 of the Dungeon)

   It affects your dexterity (+4).
   It protects you from negative energy.
   It has a curse placed upon it.
Jewellery
 d - an uncursed ring of willpower
Wands
 v - a wand of iceblast (12)
Scrolls
 f - a scroll of amnesia
 l - 6 scrolls of remove curse
 m - 2 scrolls of magic mapping
 t - a scroll of noise
 u - a scroll of fear {unknown}
 B - a scroll of enchant armour {unknown}
 C - 2 scrolls of teleportation
 M - a scroll of immolation {unknown}
Potions
 c - 2 potions of cancellation {unknown}
 e - 4 potions of curing
 h - 2 potions of degeneration {unknown}
 o - 3 potions of brilliance {unknown}
 q - 3 potions of flight {unknown}
 r - a potion of lignification {unknown}
 A - 2 potions of heal wounds {unknown}
 D - a potion of haste {unknown}
 G - a potion of invisibility {unknown}
 K - 2 potions of resistance {unknown}


   Skills:
 + Level 6.2 Fighting
 + Level 9.3 Axes
 + Level 5.4 Armour
 + Level 3.3 Dodging
 + Level 1.5 Stealth


You had 7 spell levels left.
You didn't know any spells.
Your spell library was empty.

Dungeon Overview and Level Annotations

Branches:
Dungeon (6/15)
 Temple: D:4-7

Altars:
Dithmenos
Hepliaklqana
Uskayaw
The Shining One

Shops:
D:4 [   D:5 [


Innate Abilities, Weirdness & Mutations

You reflexively headbutt those who attack you in melee.
You have a pair of horns on your head.


Message History

You hit the orc warrior.
The orc warrior is lightly wounded.
The orc warrior hits you with a +0 glaive!
* * * LOW HITPOINT WARNING * * *
You slash the orc warrior!
The orc warrior is heavily wounded.
The orc warrior hits you with a +0 glaive!
* * * LOW HITPOINT WARNING * * *
You hit the orc warrior. Your headbutt misses the orc warrior.
The orc warrior is heavily wounded.
The orc warrior hits you but does no damage.
You barely miss the orc warrior.
The orc warrior is heavily wounded.
The orc warrior hits you but does no damage.
Things that are here:
a +0 club; an orc corpse You see here 2 smoky cyan potions.
There is a stone staircase leading up here.
The orc warrior hits you from afar with a +0 glaive!!
You die...

#.####.....)..#
##.####........#
#..............#
#..............#
#..............#
#.......)......#
#......o.).....#
#.........)....#
#......@....)).#
#.....[...######
#.........#
#......#.##
#####....#
######


You could see an orc warrior.

Vanquished Creatures
  An ice beast (D:5)
  A necrophage (D:5)
  A phantom (D:4)
  A centaur (D:5)
  3 ogres
  A scorpion (D:4)
  A centaur zombie (D:5)
  5 orc priests
  A hound (D:6)
  A jelly (D:6)
  An orc wizard (D:6)
  Jessica (D:2)
  2 worker ants
  Terence (D:3)
  An iguana (D:5)
  Robin (D:3)
  3 adders
  A shadow imp (D:5)
  An ooze (D:3)
  3 worms
  3 leopard geckos (D:3)
  15 orcs
  8 giant cockroaches
  17 goblins
  7 hobgoblins
  6 jackals
  5 kobolds
  2 quokkas (D:2)
  A ball python (D:3)
  5 bats
  4 frilled lizards
  2 leopard gecko skeletons (D:5)
  A quokka skeleton (D:5)
  7 rats
114 creatures vanquished.

Vanquished Creatures (others)
  A goblin (D:3)
  9 plants (D:4)
10 creatures vanquished.

Grand Total: 124 creatures vanquished

Notes
Turn   | Place    | Note
-------+----------+-------------------------------------------
     0 | D:1      | eccles the Minotaur Berserker began the quest for the Orb.
     0 | D:1      | Reached XP level 1. HP: 19/19 MP: 0/0
   106 | D:1      | Reached XP level 2. HP: 20/27 MP: 1/1
   139 | D:1      | Reached skill level 4 in Axes
   667 | D:2      | Reached XP level 3. HP: 25/33 MP: 2/2
   721 | D:2      | Found a glowing golden altar of the Shining One.
   878 | D:2      | Reached ** piety under Trog
   914 | D:2      | Noticed Jessica
   917 | D:2      | Killed Jessica
  1203 | D:3      | Reached XP level 4. HP: 29/41 MP: 3/3
  1232 | D:3      | Reached skill level 5 in Axes
  1233 | D:3      | Noticed Robin
  1522 | D:3      | Killed Robin
  1975 | D:3      | Noticed Terence
  1981 | D:3      | Killed Terence
  1982 | D:3      | Reached XP level 5. HP: 47/47 MP: 4/4
  2039 | D:3      | Reached *** piety under Trog
  2251 | D:4      | Reached skill level 6 in Axes
  2267 | D:4      | Found Morir's Antique Armour Shop.
  2312 | D:4      | Found a hazy altar of Hepliaklqana.
  2312 | D:4      | Noticed a phantom
  2381 | D:4      | Killed a phantom
  2382 | D:4      | Reached XP level 6. HP: 50/55 MP: 5/5
  2456 | D:4      | Reached skill level 5 in Fighting
  2456 | D:4      | Reached skill level 7 in Axes
  2466 | D:4      | Found a hide-covered altar of Uskayaw.
  2509 | D:4      | Found a shadowy altar of Dithmenos.
  2579 | D:4      | Bought a bloodstained cloak for 266 gold pieces
  2579 | D:4      | Identified the +1 cloak "Gayrgh" {rC+} (You bought it in a
                  | shop on level 4 of the Dungeon)
  2739 | D:4      | Reached XP level 7. HP: 61/61 MP: 6/6
  2811 | D:5      | Entered Level 5 of the Dungeon
  2811 | D:5      | Found Dunkos's Armour Emporium.
  2859 | D:5      | Reached skill level 8 in Axes
  3019 | D:5      | Got a slimy cloak
  3030 | D:5      | Identified the cursed +0 cloak of Misanthropy {rN+ Dex+4}
                  | (You found it on level 5 of the Dungeon)
  3068 | D:5      | Reached skill level 1 in Stealth
  3187 | D:5      | Reached **** piety under Trog
  3263 | D:5      | Reached skill level 9 in Axes
  3265 | D:5      | Reached XP level 8. HP: 52/70 MP: 7/7
  3421 | D:6      | Reached skill level 5 in Armour
  3446 | D:6      | Mangled by an orc warrior

Illustrated notes

Levels and vault maps discovered:
D:1:      dpeg_arrival_radiant, layout_rooms, chequers_serial_rivers_micro_c
D:2:      layout_loops_ring, nicolae_tso_swordbearing_angel,
          kennysheep_jessica_study
D:3:      layout_loops_ring, ebering_dispersal_statue_hall, uniq_robin,
          uniq_terence
D:4:      layout_cave_pools, lemuel_crystal_altar,
          nicolae_dithmenos_shadow_blocks, lemuel_round_altar, serial_bayou,
          serial_bayou_pond_e, serial_bayou_pond_e, serial_bayou_lake_a,
          serial_bayou_pond_d, serial_shops,
          nicolae_shop_temple_entry_statues_fountains
D:5:      layout_cave_pools, serial_shops, shop, nicolae_zen_rock_garden,
          minmay_misc_feat_rows
D:6:      minmay_clustersquares, layout_basic, small_statue_alley_b, uniq_pikel

Skill      XL: |  1  2  3  4  5  6  7  8 |
---------------+-------------------------+-----
Axes           | 4 5 6 7 9 |  9.3
Fighting       | 4 5 6 |  6.2
Dodging        | 3 |  3.3
Armour         | 3 4 5 |  5.4
Stealth        | 1 |  1.5

Action                   |  1- 3 |  4- 6 |  7- 9 || total
-------------------------+-------+-------+-------++-------
Melee: Hand axe          |    74 |     3 |       ||    77
       Headbutt          |     9 |    30 |    20 ||    59
       War axe           |       |   112 |    57 ||   169
Invok: Berserk           |     2 |     3 |     1 ||     6
Evoke: Wand              |     1 |       |       ||     1
  Use: Scroll            |       |     6 |     2 ||     8
 Stab: Sleeping          |     1 |       |       ||     1
Armor: Animal skin       |     6 |     5 |       ||    11
       Scale mail        |       |    22 |    15 ||    37
Dodge: Dodged            |    43 |    74 |    38 ||   155
